 Dungeon Crawl Stone Soup version 0.24.1 (webtiles) character file.

Game seed: 16830481107312329127, levelgen mode: deterministic

46 Peloso the Skirmisher (level 3, -5/34 HPs)
             Began as a Minotaur Fighter on Mar 29, 2020.
             Slain by a mummy (12 damage)
             ... in an ossuary.
             The game lasted 00:02:15 (870 turns).

Peloso the Skirmisher (Minotaur Fighter)             Turns: 870, Time: 00:02:15

Health: -5/34      AC:  7    Str: 25    XL:     3   Next: 44%
Magic:  2/2        EV:  7    Int:  5    God:
Gold:   35         SH: 10    Dex: 10    Spells: 2/2 levels left

rFire    . . .     SeeInvis .   a - +0 long sword
rCold    . . .     Gourm    .   c - +0 shield
rNeg     . . .     Faith    .   b - +0 scale mail
rPois    .         Spirit   .   (helmet restricted)
rElec    .         Reflect  .   (no cloak)
rCorr    .         Harm     .   (no gloves)
MR       .....                  (no boots)
Stlth    ..........             (no amulet)
HPRegen  0.11/turn              (no ring)
MPRegen  0.08/turn              (no ring)

@: mighty
A: retaliatory headbutt, horns 2
a: no special abilities


You were in an ossuary.
You were not hungry.

You visited 1 branch of the dungeon, and saw 3 of its levels.
You also visited: Ossuary.

You collected 35 gold pieces.

Inventory:

Hand Weapons
 a - a +0 long sword (weapon)
Armour
 b - a +0 scale mail (worn)
 c - a +0 shield (worn)
Scrolls
 e - 2 scrolls of amnesia {unknown}
 k - a scroll of identify {unknown}
 l - a scroll of magic mapping {unknown}
Potions
 g - 2 potions of flight {unknown}
 h - a potion of heal wounds {unknown}
 j - a potion of lignification {unknown}
Comestibles
 f - 4 rations


   Skills:
 + Level 4.4 Fighting
 + Level 3.2 Long Blades
 + Level 4.0 Armour
 + Level 0.2 Dodging
 + Level 3.9 Shields


You had 2 spell levels left.
You didn't know any spells.
Your spell library contained the following spells:

 Spells                   Type           Power        Failure   Level  Hunger
 Beastly Appendage        Tmut           #.....       99%         1    ##.....
 Sticks to Snakes         Tmut           #.......     100%        2    ###....
 Spider Form              Tmut/Pois      #.........   100%        3    ####...
 Ice Form                 Ice/Tmut       #.......     100%        4    #####..
 Blade Hands              Tmut           #.........   100%        5    ######.


Dungeon Overview and Level Annotations

Branches:
Dungeon (2/15)            Ossuary (1/1)

Altars:


Innate Abilities, Weirdness & Mutations

You reflexively headbutt those who attack you in melee.
You have a pair of horns on your head.


Message History

You hear the hiss of flowing sand.
There is an entrance to an ossuary on this level.
Hurry and find it before the portal is buried!
Found a sand-covered staircase.
There is a sand-covered staircase here.
The world spins around you as you enter the gateway.
You enter an ossuary! 3 mummies and 2 zombies come into view.
Found a gate leading back out of this place.
There is an empty arch of ancient stone here.
You feel very mighty all of a sudden.
You barely miss the mummy. You block the mummy's attack.
You slash the mummy! Your headbutt misses the mummy.
The mummy is moderately damaged.
The mummy hits you! The mummy hits you.
You hit the mummy.
The mummy is heavily damaged.
The mummy hits you!
* * * LOW HITPOINT WARNING * * *
The mummy closely misses you. The mummy hits you!
You die...

#
###########.#
##.M@..Z......
#..MM.....^^..
#.....∩Z∩.^...
#...........^.
##............
###########.#
#


You could see 3 mummies and 2 big kobold zombies.

Vanquished Creatures
  An ooze (D:2)
  2 dart slugs (D:1)
  A leopard gecko (D:1)
  2 giant cockroaches
  2 goblins (D:1)
  5 hobgoblins (D:1)
  8 bats
  5 frilled lizards (D:1)
  5 kobolds (D:1)
  5 rats (D:1)
36 creatures vanquished.

Notes
Turn   | Place    | Note
-------+----------+-------------------------------------------
     0 | D:1      | Peloso the Minotaur Fighter began the quest for the Orb.
     0 | D:1      | Reached XP level 1. HP: 19/19 MP: 0/0
   102 | D:1      | Reached XP level 2. HP: 27/27 MP: 1/1
   369 | D:1      | Reached XP level 3. HP: 14/34 MP: 2/2
   861 | D:2      | You fall into a shaft and drop 2 floors!
   861 | D:4      | Found a sand-covered staircase.
   864 | Ossuary  | Entered an ossuary
   870 | Ossuary  | Slain by a mummy

Levels and vault maps discovered:
D:1:      dpeg_arrival_tiny_i, layout_basic, minmay_split_cup_large
D:2:      layout_loops_ring, makhleb_blood_cavern_becter,
          eat_drink_and_be_merry_uskayaw, uniq_jessica
D:4:      layout_cave_pods, kiku_gazebo_pond_becter,
          minmay_temple_entry_glassed_door, lightli_ossuary_entry_decrepit_ruins
Ossuary:  ossuary_the_hunt_dpeg

Skill      XL: |  1  2  3 |
---------------+----------+-----
Fighting       | 4 |  4.4
Armour         | 4 |  4.0
Long Blades    | 3 |  3.2
Dodging        | |  0.2
Shields        | |  3.9

Action                   || total
-------------------------++-------
Melee: Long sword        ||    65
       Headbutt          ||     7
  Use: Potion            ||     1
Armor: Scale mail        ||    34
Dodge: Dodged            ||    27
Block: Shield            ||    46
       Rpst.: Long sword ||     8
